 Dungeon Crawl Stone Soup version 0.31-a0-626-g8143ab4f1d (webtiles) character file.

Game seed: 5948361279509093413

91 Newt the Trooper (level 4, -2/31 HPs)
             Began as a Gargoyle Fighter on Aug 24, 2023.
             Slain by an ogre
             ... wielding a +0 giant club
              (14 damage)
             ... on level 3 of the Dungeon.
             The game lasted 00:01:31 (1386 turns).

Newt the Trooper (Gargoyle Fighter)                 Turns: 1386, Time: 00:01:32

Health: -2/31      AC: 11    Str: 22    XL:     4   Next: 59%
Magic:  4/4        EV:  9    Int:  8    God:
Gold:   84         SH:  4    Dex:  9    Spells: 3/3 levels left

rFire   . . .        a - +0 flail
rCold   . . .        c - +0 buckler
rNeg    + . .        b - +0 scale mail
rPois   ∞            (no helmet)
rElec   +            h - +0 cloak
rCorr   .            (no gloves)
SInv    .            (no boots)
Will    .....        (no amulet) Stlth
                     (no ring)
HPRegen 0.25/turn    (no ring)
MPRegen 0.09/turn

%: no passive effects
@: mighty
A: sickness immunity, AC +3, negative energy resistance 1, electricity
resistance, torment resistance 1, petrification resistance
a: no special abilities


You were on level 3 of the Dungeon.
You visited 1 branch of the dungeon, and saw 3 of its levels.

You collected 84 gold pieces.

Inventory:

Hand Weapons
 a - a +0 flail (weapon)
Armour
 b - a +0 scale mail (worn)
 c - a +0 buckler (worn)
 h - a +0 cloak (worn)
Scrolls
 e - a scroll of fog
 g - a scroll of butterflies
 j - a scroll of teleportation
Potions
 d - a potion of might
 i - a potion of mutation {unknown}
 k - a potion of curing {unknown}


   Skills:
 - Level 5.0 Fighting
 + Level 3.2 Maces & Flails
 - Level 3.2 Armour
 - Level 3.2 Shields


You had 3 spell levels left.
You didn't know any spells.
Your spell library was empty.

Dungeon Overview and Level Annotations

Branches:
Dungeon (3/15)

Altars:
Ashenzari
Uskayaw


Innate Abilities, Weirdness & Mutations

You are immune to sickness and miasma.
Your stone body is resilient. (AC +3)
You are immune to poison.
You resist negative energy. (rN+)
You are resistant to electric shocks. (rElec)
You are resistant to unholy torment.
You are immune to petrification.


Message History

The magic dart hits you.
You sock the orc wizard!
The orc wizard is almost dead.
The bat barely misses you.
The orc wizard hits you but does no damage.
You closely miss the orc wizard.
The orc wizard is almost dead.
The bat hits you but does no damage.
The orc wizard hits you but does no damage. x2
You sock the orc wizard!
You kill the orc wizard!
The bat completely misses you.
Your Maces & Flails skill increases to level 3!
You block the bat's attack. The bat barely misses you. The bat hits you.
Things that are here:
a +0 dagger; a +0 robe; an orc corpse You hit the bat.
You kill the bat!
No target in view!
No target in view!
No target in view!
No target in view!
No target in view!
An ogre comes into view. It is wielding a +0 giant club.
The ogre shouts!
An ogre is nearby!
Okay, then.
You feel very mighty all of a sudden.
You sock the ogre!
The ogre is moderately wounded.
The ogre hits you with a +0 giant club!!
Ouch! That really hurt!
You sock the ogre!
The ogre is heavily wounded.
The ogre barely misses you.
You barely miss the ogre.
The ogre is heavily wounded.
The ogre hits you with a +0 giant club!
You die...

#. #. #. #. #.
#. ######.####
......O@..##
######.#...##
#..###.## ##.#
##.## ##.#
##.# #..# #.#
#..## ##.##
.## #...##
##...# ...#
#....###..#.##


You could see an ogre.

Vanquished Creatures
  An orc wizard (D:3)
  2 adders
  2 orcs (D:3)
  5 endoplasms
  3 giant cockroaches
  5 goblins
  A hobgoblin (D:1)
  4 quokkas
  6 ball pythons
  5 bats
  5 kobolds
  6 rats
45 creatures vanquished.

Notes
Turn   | Place    | Note
-------+----------+-------------------------------------------
     0 | D:1      | Newt the Gargoyle Fighter began the quest for the Orb.
     0 | D:1      | Reached XP level 1. HP: 14/14 MP: 1/1
    61 | D:1      | Reached XP level 2. HP: 6/20 MP: 2/2
   249 | D:1      | Reached skill level 4 in Fighting
   443 | D:1      | Reached XP level 3. HP: 24/24 MP: 3/3
   903 | D:2      | Reached skill level 5 in Fighting
  1133 | D:2      | Found a hide-covered altar of Uskayaw.
  1287 | D:3      | Found a broken altar of Ashenzari.
  1325 | D:3      | Reached XP level 4. HP: 27/31 MP: 4/4
  1380 | D:3      | Noticed an ogre
  1386 | D:3      | Slain by an ogre

Illustrated notes

Levels and vault maps discovered:
D:1:      minmay_arrival_glassed_features, layout_rooms, minmay_tetromino_t2
D:2:      layout_basic, basic_altar, kennysheep_generic_room_11
D:3:      layout_loops_ring, nicolae_wu_jian_wuxing_cycle,
          mainiacjoe_overflow_boulevard, uniq_crazy_yiuf_cottage, uniq_ijyb

Skill      XL: |  1  2  3  4 |
---------------+-------------+-----
Fighting       | 4 5 |  5.0
Maces & Flails | 3 |  3.2
Armour         | |  3.2
Shields        | |  3.2

Action                     |  1- 3 |  4- 6 || total
---------------------------+-------+-------++-------
  Melee: Flail             |   116 |    15 ||   131
    Use: Scroll            |     5 |       ||     5
         Potion            |       |     1 ||     1
 Armour: Scale mail        |    72 |    14 ||    86
  Dodge: Dodged            |    57 |     8 ||    65
  Block: Buckler           |    25 |     2 ||    27

Table legend: (Time is in decaauts)
 A = Elapsed time spent in this place.
 B = Non-inter-level travel time spent in this place.
 C = Inter-level travel time spent in this place.
 D = Time resting spent in this place.
 E = Time spent auto-exploring this place.
 F = Levels seen in this place.
 G = Mean time per level.
                   A        B        C        D        E       F      G
               +--------+--------+--------+--------+--------+-----+--------+
         Total |   1428 |   1411 |     17 |    158 |    902 |   3 |  476.0 |
       Dungeon |   1428 |   1411 |     17 |    158 |    902 |   3 |  476.0 |
               +--------+--------+--------+--------+--------+-----+--------+

Top non-repeatable levels by time:
     D:2: 636 daAuts
     D:1: 634 daAuts
     D:3: 157 daAuts
